 Dungeon Crawl Stone Soup version 0.27.0-1-g7a089689b8 (webtiles) character file.

Game seed: 1523025447950058268

57772 mainiacjoe the Impaler (level 14, -4/123 HPs)
             Began as a Merfolk Berserker on Aug 8, 2021.
             Was a High Priest of Trog.
             Killed from afar by a death drake (shapeshifter) (7 damage)
             ... with a foul vapour
             ... on level 6 of the Lair of Beasts.
             The game lasted 00:42:14 (20993 turns).

mainiacjoe the Impaler (Merfolk Berserker)         Turns: 20993, Time: 00:42:15

Health: -4/123     AC: 24    Str: 26    XL:     14   Next: 87%
Magic:  14/14      EV: 18    Int:  6    God:    Trog [*****.]
Gold:   915        SH:  5    Dex: 15    Spells: 13/13 levels left

rFire    + + .     SeeInvis .   a - +10 bardiche of Courage {flame, rF+}
rCold    . . .     Faith    .   (shield currently unavailable)
rNeg     + + .     Spirit   .   p - +3 chain mail {rF+}
rPois    .         Reflect  +   S - +2 helmet
rElec    .         Harm     .   G - +0 cloak
rCorr    .         Rampage  .   v - +2 pair of gloves
Will     +....                  (no boots)
Stlth    ..........             j - amulet of reflection
HPRegen  0.00/turn              n - +4 ring of evasion
MPRegen  0.14/turn              m - ring "Uhiymp" {rN++ AC+4 Str+5 Stlth+, =R}

@: lethally poisoned (-4 -> -51), diseased, slowed, very slow
A: (nimble swimmer 2), mertail
a: Renounce Religion, Berserk, Trog's Hand, Brothers in Arms


You were on level 6 of the Lair of Beasts.
You worshipped Trog.
Trog was extremely pleased with you.
You visited 2 branches of the dungeon, and saw 16 of its levels.
You also visited: Gauntlet and Volcano.

You collected 1171 gold pieces.
You spent 256 gold pieces at shops.

Inventory:

Hand Weapons
 a - the +10 bardiche of Courage (weapon) {flame, rF+}
   (Trog gifted it to you in a volcano)

   It burns those it strikes, dealing additional fire damage.
   Big, fiery blades are also staple armaments of hydra-hunters.
   rF:        It protects you from fire.
 b - a +0 vorpal shortbow
Missiles
 d - 5 boomerangs (quivered)
 s - 147 arrows
 y - 66 stones
 J - 6 atropa-tipped darts {=F}
 L - 3 poisoned darts
 O - 4 throwing nets {=F}
 W - 14 javelins
Armour
 p - a +3 chain mail of fire resistance (worn)
 v - a +2 pair of gloves (worn)
 G - a +0 cloak (worn)
 P - a +4 chain mail of willpower
 S - a +2 helmet (worn)
Jewellery
 j - an amulet of reflection (around neck)
 m - the ring "Uhiymp" (right hand) {rN++ AC+4 Str+5 Stlth+, =R}
   (You acquired it on level 4 of the Lair of Beasts)

   [ring of protection]

   AC:        It affects your AC (+4).
   Str:       It affects your strength (+5).
   rN:        It greatly protects you from negative energy.
   Stlth:     It makes you more stealthy.
 n - a +4 ring of evasion (left hand)
 r - a +6 ring of strength
 V - a ring of see invisible
Wands
 k - a wand of digging (9)
 t - a wand of paralysis (26)
 x - a wand of polymorph (8)
 z - a wand of acid (54)
 B - a wand of iceblast (22)
 C - a wand of flame (50)
Scrolls
 c - a scroll of holy word
 f - a scroll of magic mapping
 o - 5 scrolls of teleportation
 u - a scroll of fog
 E - a scroll of fear {unknown}
 H - a scroll of vulnerability {unknown}
 I - 4 scrolls of blinking
 K - 3 scrolls of immolation
 M - a scroll of enchant weapon
 U - a scroll of summoning {unknown}
 Z - a scroll of enchant armour {unknown}
Potions
 e - 5 potions of might
 g - a potion of invisibility
 h - 3 potions of resistance
 i - a potion of cancellation
 l - 2 potions of haste
 q - a potion of flight
 w - 2 potions of attraction
 A - 4 potions of curing
 D - a potion of berserk rage {unknown}
 F - 4 potions of lignification
 Q - a potion of ambrosia
 T - 5 potions of heal wounds
 Y - 3 potions of mutation


   Skills:
 - Level 15.0 Fighting
 + Level 19.9 Polearms
 + Level 4.7 Armour
 + Level 13.7 Dodging
 - Level 10.0 Evocations


You had 13 spell levels left.
You didn't know any spells.
Your spell library contained the following spells:

 Spells                   Type           Power      Damage    Failure   Level
 Foxfire                  Conj/Fire      0%         2x1d4     96%         1
 Sandblast                Erth           0%         2d4       96%         1
 Passwall                 Tmut/Erth      0%         N/A       99%         2
 Conjure Flame            Conj/Fire      0%         6-21      100%        3
 Inner Flame              Hex/Fire       0%         N/A       100%        3
 Fireball                 Conj/Fire      0%         3d3       100%        5
 Lee's Rapid Deconstruct  Erth           0%         3d5*      100%        5
 Starburst                Conj/Fire      0%         8x6d3     100%        6
 Ignition                 Fire           0%         3d3       100%        8


Dungeon Overview and Level Annotations

Branches:
Dungeon (10/15)            Temple (0/1) D:4            Lair (6/6) D:9
 Shoals (0/4) Lair:4       Spider (0/4) Lair:3        Slime (0/5) Lair:5
    Orc (0/2) D:10        Volcano (visited)         Gauntlet (visited)

Altars:
Fedhas
Kikubaaqudgha
Qazlal
Uskayaw
Wu Jian
Xom
Jiyva

Shops:
D:1 (   D:10 [:*(

Annotations:
D:5 1 runed translucent door, Crazy Yiuf
Lair:1 2 exclusions
Lair:6 1 runed translucent door, Nutum's ghost, journeyman OpTm


Innate Abilities, Weirdness & Mutations

((You are quick and stealthy near water. (Stealth+, EV+, Speed+++)))
Your lower body shifts to a powerful aquatic tail in water.


Message History

You slice the death drake like a ripe choko!!!
You burn the death drake!
The death drake is severely wounded.
You are engulfed in dark miasma.
You are more poisoned.
You feel yourself slow down.
You feel extremely sick.
You hear a roar! x2
The death drake closely misses you. The death drake barely misses you.
You hear an angry hiss.
You miss the death drake.
The death drake is severely wounded.
You feel extremely sick. The death drake breathes miasma at you.
The foul vapour engulfs you.
You are lethally poisoned!
You feel ill. The death drake barely misses you.
You miss the death drake.
The death drake is severely wounded.
You are engulfed in dark miasma.
You are more poisoned.
* * * LOW HITPOINT WARNING * * *
You feel extremely sick.
You feel ill. The death drake breathes miasma at you.
The foul vapour engulfs you!
You are more poisoned.
* * * LOW HITPOINT WARNING * * *
You feel better.
You are engulfed in dark miasma.
You are lethally poisoned!
* * * LOW HITPOINT WARNING * * *
x2 You feel extremely sick.
The death drake bites you but does no damage.
The death drake barely misses you.
* * * LOW HITPOINT WARNING * * *
You feel very sick. The death drake breathes miasma at you.
The foul vapour engulfs you!
You are more poisoned.
You die...

♣♣♣♣♣♣♣♣♣♣♣
♣♣♣♣.)÷..♣♣..♣♣♣♣
♣♣♣.....♣♣........♣♣♣
...†...♣♣♣♣♣♣.......♣
..†..♣♣♣ ♣ ♣♣..♣♣♣♣♣
.....♣ ♣♣..♣..♣♣
..♣♣...♣♣.......♣♣
♣♣♣♣♣.......♣.♣..♣♣
♣♣♣.♣♣♣♣♣♣♣@.♣ ♣#. ♣
♣ ♣♣k♣ ♣..### ♣x.♣♣
......# ♣..♣
.......## ♣♣.
.......## . #P....##
.. #....### ♣♣
#.....#. #.#†....


You could see a death drake (catching breath).

Vanquished Creatures
  Harold (D:9)
  4 hydras
  2 boulder beetles
  A death yak (Lair:3)
  A catoblepas (Lair:4)
  A two-headed ogre (D:10)
  A hell knight (Volcano)
  A sun demon (Volcano)
  Nergalle (Lair:1)
  Pikel (D:8)
  4 elephants
  2 manticores (Lair:3)
  An ugly thing (Volcano)
  4 black mambas
  A guardian serpent (shapeshifter) (Lair:6)
  2 molten gargoyles (Volcano)
  3 torpor snails
  2 smoke demons (Lair:6)
  Psyche (D:9)
  18 cane toads
  7 komodo dragons
  Maggie (D:6)
  6 rime drakes
  2 red devils (Volcano)
  A queen bee (Lair:3)
  An ancient zyme (Lair:6)
  3 meliai (Lair:3)
  Prince Ribbit (D:6)
  A polar bear (Lair:5)
  2 large abominations (Lair:6)
  2 hornets
  A snapping turtle (Lair:4)
  Grinder (D:6)
  9 dream sheep
  22 blink frogs
  A shadow (D:10)
  61 yaks
  2 fire bats (Volcano)
  6 wyverns
  A chaos spawn (Lair:6)
  2 ynoxinuls (Lair:6)
  Eustachio (D:6)
  9 basilisks
  Grum (D:9)
  2 steam dragons
  Edmund (D:5)
  8 small abominations (Lair:6)
  An acid dragon (D:10)
  16 water moccasins
  A hell hound (Volcano)
  4 black bears
  2 orc warriors
  An ice beast (D:8)
  2 ogres
  A necrophage (D:6)
  13 wolves
  4 centaurs
  3 phantoms
  A lemure (D:8)
  A kobold brigand (D:10)
  16 bullfrogs
  A gnoll sergeant (D:8)
  2 scorpions
  38 killer bees
  17 wights
  2 howler monkeys (D:7)
  3 bullfrog zombies
  5 lava snakes (Volcano)
  3 bullfrog skeletons
  2 orc priests
  3 hounds
  2 centaur skeletons
  An iguana (D:2)
  Ijyb (D:5)
  Terence (D:2)
  A scorpion zombie (D:5)
  Natasha (thrice) (D:2)
  6 orc wizards
  3 hell rats
  A killer bee zombie (D:9)
  A hound zombie (D:5)
  A howler monkey zombie (D:5)
  15 gnolls
  8 river rats (Lair:4)
  5 adders
  2 shadow imps (D:7)
  2 white imps
  2 ufetubi (D:5)
  An adder skeleton (D:4)
  2 worms (D:5)
  A dart slug (D:1)
  35 orcs
  6 bats
  6 endoplasms
  4 giant cockroaches
  8 goblins
  5 hobgoblins
  17 jackals
  11 kobolds
  2 quokkas
  4 ball pythons
  3 frilled lizards
  8 rats
517 creatures vanquished.

Vanquished Creatures (collateral kills)
  2 death yaks (Lair:5)
  2 komodo dragons (Lair:6)
  14 dream sheep
  A yak (Lair:6)
  2 wyverns
  A small abomination (Lair:6)
22 creatures vanquished.

Vanquished Creatures (others)
  A bush (Lair:5)
  19 fungi
  58 plants
78 creatures vanquished.

Grand Total: 617 creatures vanquished

Notes
Turn   | Place    | Note
-------+----------+-------------------------------------------
     0 | D:1      | mainiacjoe the Merfolk Berserker began the quest for the
                  | Orb.
     0 | D:1      | Reached XP level 1. HP: 18/18 MP: 1/1
    71 | D:1      | Reached XP level 2. HP: 20/24 MP: 2/2
   241 | D:1      | Found a faded altar of an unknown god.
   495 | D:1      | Found Qief's Antique Weapon Boutique.
   614 | D:1      | Reached skill level 5 in Polearms
   747 | D:1      | Reached XP level 3. HP: 30/30 MP: 3/3
   841 | D:1      | Reached ** piety under Trog
  1104 | D:2      | Noticed Natasha
  1226 | D:1      | Reached XP level 4. HP: 29/37 MP: 4/4
  1381 | D:2      | Killed Natasha
  1909 | D:2      | Reached XP level 5. HP: 28/43 MP: 5/5
  2073 | D:2      | Noticed Terence
  2079 | D:2      | Killed Terence
  2080 | D:2      | Reached skill level 6 in Polearms
  2206 | D:2      | Noticed Natasha
  2220 | D:2      | Killed Natasha
  2254 | D:2      | Noticed Natasha
  2287 | D:2      | Killed Natasha
  2732 | D:3      | Reached skill level 5 in Dodging
  2732 | D:3      | Reached XP level 6. HP: 44/50 MP: 6/6
  3223 | D:3      | Reached skill level 5 in Fighting
  3317 | D:3      | You fall into a shaft and drop 1 floor!
  3668 | D:4      | Reached skill level 7 in Polearms
  3715 | D:4      | Found a stormy altar of Qazlal.
  3987 | D:3      | Reached *** piety under Trog
  4437 | D:4      | You fall into a shaft and drop 2 floors!
  4438 | D:6      | Noticed Grinder
  4438 | D:6      | Noticed Maggie
  4438 | D:6      | Paralysed by Grinder for 7 turns
  4442 | D:6      | Noticed a black bear
  4449 | D:6      | Killed a black bear
  4450 | D:6      | Reached XP level 7. HP: 41/57 MP: 7/7
  4680 | D:5      | Entered Level 5 of the Dungeon
  4722 | D:5      | Reached skill level 8 in Polearms
  4767 | D:5      | Noticed Edmund
  4776 | D:5      | Noticed Ijyb
  4784 | D:6      | Reached XP level 8. HP: 13/65 MP: 8/8
  5024 | D:6      | Killed Grinder
  5025 | D:6      | Reached skill level 9 in Polearms
  5054 | D:6      | Noticed Prince Ribbit
  5076 | D:6      | Killed Prince Ribbit
  5355 | D:6      | Found a blossoming altar of Fedhas.
  5355 | D:6      | Noticed Eustachio
  5356 | D:6      | Found an ornate altar of the Wu Jian Council.
  5358 | D:6      | Found a hide-covered altar of Uskayaw.
  5378 | D:6      | Killed Eustachio
  5380 | D:6      | Found a shimmering altar of Xom.
  5581 | D:5      | Killed Ijyb
  5597 | D:5      | Reached skill level 10 in Polearms
  5637 | D:5      | Killed Edmund
  5638 | D:5      | Reached XP level 9. HP: 63/74 MP: 9/9
  5866 | D:5      | Found a runed translucent door.
  5867 | D:5      | Noticed Crazy Yiuf
  6153 | D:5      | Reached **** piety under Trog
  6688 | D:4      | Found a staircase to the Ecumenical Temple.
  7074 | D:6      | Reached skill level 11 in Polearms
  7093 | D:6      | Killed Maggie
  8240 | D:8      | Reached skill level 12 in Polearms
  8240 | D:8      | Reached XP level 10. HP: 84/84 MP: 10/10
  8246 | D:8      | Reached skill level 10 in Fighting
  8693 | D:8      | Noticed Pikel
  8704 | D:8      | Killed Pikel
  8705 | D:8      | Reached skill level 13 in Polearms
  8992 | D:8      | Reached ***** piety under Trog
  9379 | D:8      | Found an ancient bone altar of Kikubaaqudgha.
  9783 | D:9      | Reached skill level 10 in Dodging
  9854 | D:9      | Noticed Harold
  9861 | D:9      | Killed Harold
  9862 | D:9      | Reached skill level 14 in Polearms
  9862 | D:9      | Reached XP level 11. HP: 44/93 MP: 11/11
 10169 | D:9      | Noticed Psyche
 10181 | D:9      | Killed Psyche
 10324 | D:9      | Noticed Grum
 10358 | D:9      | Killed Grum
 10417 | D:9      | Found a staircase to the Lair.
 10712 | D:10     | Entered Level 10 of the Dungeon
 10915 | D:10     | Found Miaxoxu's Armour Emporium.
 11008 | D:10     | Found Sazxus's Assorted Antiques.
 11016 | D:10     | Found Mofibut's Book Emporium.
 11016 | D:10     | Found Saxon's Weapon Emporium.
 11032 | D:10     | Bought a scroll labelled ZUB POINUDUOPH for 27 gold pieces
 11032 | D:10     | Bought a white potion for 24 gold pieces
 11032 | D:10     | Bought a smoky puce potion for 24 gold pieces
 11044 | D:10     | Bought a +2 helmet for 181 gold pieces
 11185 | D:10     | Found a staircase to the Orcish Mines.
 11276 | D:10     | Reached skill level 15 in Polearms
 11672 | D:10     | Noticed a two-headed ogre
 11678 | D:10     | Killed a two-headed ogre
 11894 | Lair:1   | Entered Level 1 of the Lair of Beasts
 12177 | Lair:1   | Found a dark tunnel.
 12201 | Volcano  | Entered a volcano
 12675 | Volcano  | Found a bloodstained altar of Trog.
 12675 | Volcano  | Noticed a red ugly thing
 12675 | Volcano  | Noticed a sun demon
 12687 | Volcano  | Killed a sun demon
 12688 | Volcano  | Reached skill level 16 in Polearms
 12688 | Volcano  | Reached XP level 12. HP: 105/105 MP: 12/12
 12702 | Volcano  | Reached skill level 1 in Evocations
 12790 | Volcano  | Noticed a hell knight
 12802 | Volcano  | Killed a hell knight
 12952 | Volcano  | Identified the +10 bardiche of Courage {flame, rF+} (Trog
                  | gifted it to you in a volcano)
 12952 | Volcano  | Received a gift from Trog
 13193 | Lair:1   | Noticed Nergalle
 13204 | Lair:1   | Killed Nergalle
 14045 | Lair:2   | Noticed a seven-headed hydra
 14054 | Lair:2   | Killed a four-headed hydra
 14354 | Lair:2   | Reached skill level 5 in Evocations
 14817 | Lair:2   | Noticed a seven-headed hydra
 14822 | Lair:2   | Killed a five-headed hydra
 15106 | Lair:3   | Reached skill level 17 in Polearms
 15203 | Lair:3   | Found a hole to the Spider Nest.
 15230 | Lair:3   | Reached XP level 13. HP: 113/113 MP: 13/13
 15808 | Lair:3   | Reached ****** piety under Trog
 15997 | Lair:3   | Reached skill level 18 in Polearms
 16232 | Lair:3   | Received a gift from Trog
 16391 | Lair:3   | Reached skill level 15 in Fighting
 17185 | Lair:4   | Identified a scroll of acquirement
 17186 | Lair:4   | Acquired the ring "Uhiymp" {rN++ AC+4 Str+5 Stlth+}
 17658 | Lair:4   | Found a staircase to the Shoals.
 18164 | Lair:5   | Found a gate leading to a gauntlet.
 18170 | Lair:5   | Reached XP level 14. HP: 123/123 MP: 14/14
 18214 | Gauntlet | Entered a Gauntlet
 18214 | Gauntlet | Found a transporter.
 18214 | Gauntlet | Found a transporter.
 18226 | Gauntlet | Found a transporter.
 18244 | Gauntlet | Found a transporter.
 18244 | Gauntlet | Found a transporter.
 18244 | Gauntlet | Found a transporter.
 18246 | Gauntlet | Found a transporter.
 18246 | Gauntlet | Found a transporter.
 18259 | Gauntlet | Found a transporter.
 18272 | Gauntlet | Found a runed translucent door.
 18276 | Gauntlet | Found a transporter.
 18285 | Gauntlet | Found a transporter.
 18299 | Gauntlet | Found a transporter.
 18320 | Gauntlet | Found a transporter.
 18332 | Gauntlet | Found a transporter.
 18459 | Gauntlet | Noticed an iron giant
 18469 | Gauntlet | Noticed a stone giant
 18469 | Gauntlet | an iron giant changed into a stone giant
 18471 | Gauntlet | Noticed a frost giant
 18471 | Gauntlet | a stone giant changed into a frost giant
 18474 | Gauntlet | a frost giant changed into an alligator snapping turtle
 18480 | Gauntlet | Noticed a dire elephant
 18480 | Gauntlet | an alligator snapping turtle changed into a dire elephant
 18547 | Lair:5   | Found a viscous altar of Jiyva.
 18730 | Lair:5   | Found a staircase to the Slime Pits.
 18827 | Lair:5   | Reached skill level 19 in Polearms
 19802 | Lair:6   | Entered Level 6 of the Lair of Beasts
 20438 | Lair:6   | Received a gift from Trog
 20590 | Lair:6   | Found a shimmering altar of Xom.
 20590 | Lair:6   | Noticed Nutum's ghost (journeyman OpTm)
 20591 | Lair:6   | Found a runed translucent door.
 20611 | Lair:6   | Reached skill level 10 in Evocations
 20993 | Lair:6   | HP: 3/123 [poisoned by a death drake (dark miasma)]
 20993 | Lair:6   | Killed from afar by a death drake (shapeshifter)

Illustrated notes

Levels and vault maps discovered:
D:1:      tarquinn_simple_flora_water_c, layout_loops_ring, serial_shops,
          nicolae_lakefront_shop, shapermc_ecumenical_altar_mp_ritualfount,
          minmay_pentomino_w2
D:2:      layout_rooms, hangedman_decor_diamond_cutter, uniq_natasha,
          uniq_terence
D:3:      layout_basic
D:4:      layout_gridville, nicolae_qazlal_scattered_showers, temple_statues,
          minmay_box_of_dots
D:5:      layout_loops_ring, serial_bayou, serial_bayou_lagoon_a,
          serial_bayou_shore_b, serial_bayou_pond_c, serial_bayou_pond_b,
          kennysheep_small_spiral, uniq_crazy_yiuf_cottage, uniq_ijyb,
          uniq_edmund
D:6:      layout_cave_pods, minitemple, uniq_prince_ribbit1, uniq_grinder,
          uniq_maggie, uniq_eustachio
D:7:      layout_loops_ring
D:8:      layout_cave_pools, kennysheep_little_box,
          nicolae_overflow_hidden_temple, uniq_pikel
D:9:      layout_loops_ring, lair_entry_dummy, st_stairs_1,
          kennysheep_generic_room_15, uniq_harold, uniq_psyche, uniq_grum
D:10:     layout_stronghold, david_orc_2, minmay_shop_grid_forest,
          grunt_decor_fettered
Lair:1:   layout_loops_ring, nicolae_volcano_entry_two_sided, uniq_nergalle
Lair:2:   layout_regular_city
Lair:3:   regret_index_tunnel_blossom, layout_cave_pods, dummy_spider_entry
Lair:4:   layout_roguey, minmay_shoals_entry_hut, kennysheep_rathole,
          grunt_megastairs_1
Lair:5:   layout_small_grid, slime_altar_1, gauntlet_entry_generic,
          serial_forest, infiniplex_forest_split, infiniplex_forest_clump_long,
          infiniplex_forest_diagonal, infiniplex_forest_lined_corner,
          infiniplex_forest_lined_corner, grunt_forest_stairs_basic,
          kennysheep_basilisk_garden, serial_bayou_shore_b
Lair:6:   hellmonk_lair_end_abyssal_woods, layout_concentric_octagons,
          ebering_ghost_xom

Skill      XL: |  1  2  3  4  5  6  7  8  9 10 11 12 13 14 |
---------------+-------------------------------------------+-----
Dodging        | 3 4 5 6 8 9 10 11 13 | 13.7
Polearms       | 5 6 7 8 10 12 14 16 17 18 19 | 19.9
Fighting       | 4 5 6 8 9 11 13 14 15 | 15.0
Armour         | 2 3 4 |  4.7
Evocations     | 5 8 10 | 10.0

Action                   |  1- 3 |  4- 6 |  7- 9 | 10-12 | 13-15 || total
-------------------------+-------+-------+-------+-------+-------++-------
Melee: Spear             |   155 |   184 |       |       |       ||   339
       Halberd           |       |    35 |   228 |   346 |       ||   609
       Bardiche          |       |       |       |    76 |   501 ||   577
 Fire: Hunting sling     |       |    35 |     4 |       |       ||    39
       Shortbow          |       |       |     7 |    37 |    44 ||    88
Throw: Stone             |    14 |    57 |       |    32 |    23 ||   126
       Boomerang         |       |       |    91 |    67 |    83 ||   241
       Dart              |       |       |     7 |    75 |    99 ||   181
Invok: Berserk           |       |     6 |     1 |     5 |     1 ||    13
       Trog's Hand       |       |     1 |     1 |       |     5 ||     7
       Brothers in Arms  |       |       |       |       |     5 ||     5
Evoke: Wand              |       |       |     4 |     2 |       ||     6
  Use: Scroll            |       |     6 |     5 |     6 |     9 ||    26
       Potion            |       |       |     1 |       |     2 ||     3
 Stab: Distracted        |       |       |     1 |       |     1 ||     2
       Sleeping          |       |       |     1 |       |       ||     1
Armor: Scale mail        |    49 |    58 |    28 |       |       ||   135
       Chain mail        |       |     2 |       |    47 |   194 ||   243
       Leather armour    |       |       |    12 |     2 |       ||    14
       Steam dragon scal |       |       |     2 |    12 |       ||    14
Dodge: Dodged            |    58 |   120 |   137 |   196 |   391 ||   902
Block: Other             |     6 |    36 |    34 |    67 |   106 ||   249
       Reflection        |       |     2 |     1 |     4 |     1 ||     8
